 Dungeon Crawl Stone Soup version 0.29.1-15-g9cfb28693d (webtiles) character file.

Game seed: 8323714214307908724

377 workbot the Cudgeller (level 6, -1/56 HPs)
             Began as a Minotaur Berserker on Apr 4, 2023.
             Was a Believer of Trog.
             Shot with an arrow by a centaur (7 damage)
             ... on level 5 of the Dungeon.
             The game lasted 00:07:52 (3671 turns).

workbot the Cudgeller (Minotaur Berserker)          Turns: 3671, Time: 00:07:52

Health: -1/56      AC:  8    Str: 24    XL:     6   Next: 45%
Magic:  5/5        EV:  9    Int:  4    God:    Trog [**....]
Gold:   164        SH:  0    Dex: 15    Spells: 5/5 levels left

rFire   . . .      SeeInvis .   f - +2 mace (drain)
rCold   . . .      Faith    .   (no shield)
rNeg    . . .      Spirit   .   k - +0 chain mail
rPois   .          Reflect  .   (helmet restricted)
rElec   .          Harm     .   (no cloak)
rCorr   .          Rampage  .   (no gloves)
Will    .....                   (no boots)
Stlth   ..........              (no amulet)
HPRegen 0.18/turn               e - +6 ring of dexterity
MPRegen 0.09/turn               g - ring of flight

@: lethally poisoned (-1 -> -8), marked, flying
A: horns 2, retaliatory headbutt
a: Renounce Religion, Berserk, Trog's Hand


You were on level 5 of the Dungeon.
You worshipped Trog.
Trog was pleased with you.
You visited 1 branch of the dungeon, and saw 5 of its levels.

You collected 164 gold pieces.

Inventory:

Hand Weapons
 f - a +2 mace of draining (weapon)
Armour
 k - a +0 chain mail (worn)
Jewellery
 e - a +6 ring of dexterity (left hand)
 g - a ring of flight (right hand)
 h - a ring of protection from cold
Wands
 i - a wand of paralysis (8)
Scrolls
 a - 3 scrolls of teleportation
 b - a scroll of summoning
Potions
 c - 2 potions of heal wounds
 d - a potion of berserk rage


   Skills:
 + Level 5.6 Fighting
 - Level 4.5(6.0) Axes
 * Level 5.9(6.7) Maces & Flails
 - Level 2.4 Armour
 - Level 2.1 Dodging


You had 5 spell levels left.
You didn't know any spells.
Your spell library contained the following spells:

 Spells                   Type           Power      Damage    Failure   Level
 Blink                    Tloc           0%         N/A       100%        2
 Lesser Beckoning         Tloc           0%         N/A       100%        3
 Manifold Assault         Tloc           0%         N/A       100%        5


Dungeon Overview and Level Annotations

Branches:
Dungeon (5/15)
 Temple: D:4-7

Altars:

Shops:
D:1 *   D:5 *


Innate Abilities, Weirdness & Mutations

You have a pair of horns on your head.
You reflexively headbutt those who attack you in melee.


Message History

You headbutt the water moccasin! You barely miss the water moccasin.
The water moccasin is heavily wounded.
A centaur comes into view.
The water moccasin bites you.
The centaur wields a +0 shortbow.
The centaur shoots an arrow.
The arrow closely misses you.
You hit the water moccasin.
The water moccasin is heavily wounded.
The water moccasin bites you!
A centaur comes into view.
An adder comes into view.
The water moccasin barely misses you.
An iguana comes into view.
The centaur wields a +0 shortbow.
The centaur shoots an arrow.
The arrow hits you!
You hit the water moccasin. You drain the water moccasin.
The water moccasin is severely wounded.
The centaur shoots an arrow.
The arrow hits you.
The water moccasin bites you but does no damage.
The centaur shoots an arrow.
The arrow hits you!
The centaur shoots an arrow.
The arrow barely misses you.
You closely miss the water moccasin.
The water moccasin is severely wounded.
The water moccasin bites you.
You are poisoned.
The water moccasin poisons you!
The centaur shoots an arrow.
The arrow hits you!
* * * LOW HITPOINT WARNING * * *
The centaur shoots an arrow.
The arrow closely misses you.
An ice beast comes into view.
The water moccasin barely misses you.
You hit the water moccasin. You drain the water moccasin.
You kill the water moccasin!
Trog accepts your kill.
* * * LOW HITPOINT WARNING * * *
You feel very sick.
The centaur shoots an arrow.
The arrow hits you.
* * * LOW HITPOINT WARNING * * *
The centaur shoots an arrow.
The arrow hits you but does no damage.
The centaur shoots an arrow.
The arrow hits you!
You die...

,,,,,,,,,,,*,,,,,,,,,,,,,,,,*
**,,***,,,,*#........,,,,,,,*
**,,****,,,,,..≈≈≈..,,,,,,,,****
*,,,,,,,,,,##~~≈≈≈#,,**,,,,,,,**
**,,,,,,,..,*...∩≈≈#,,,*,,,,,,,,*
,,,,,,,,,...*,~~≈≈≈##*,,,.,,,,,**
,,,*,,,,,....,,≈≈≈..,,,,..,,,,,,*
,,***,,**..Y.###..##*,,...,,,,,,,
****,,,<*.....>†@..#,,....,,,*,,*
* *,,,,,..........#*.....**,*,,,
****,,,,,.........##......,,,**,,
,,,,,,,,,.........c.......,,,**,,
**,,,,,,,....S.....)......,,,,,,,
***,,,,,,..........##.....,,,,,,,
* *,,,,,,.....c......,....,,,,,,,
* **,,,**##...........,...,,,,,,*
* **,,,,,,##..............,,,,,**


You could see an ice beast, 2 centaurs and an adder.

Vanquished Creatures
  A water moccasin (D:5)
  An ice beast (D:4)
  A bullfrog (D:3)
  A hound (D:3)
  Jessica (D:2)
  An orc wizard (D:4)
  3 gnolls (D:4)
  2 adders
  2 dart slugs (D:1)
  9 orcs
  4 ball pythons
  A bat (D:3)
  8 endoplasms
  A giant cockroach (D:2)
  6 goblins
  7 hobgoblins
  7 jackals (D:1)
  4 quokkas
  6 frilled lizards
  10 kobolds
  2 rats
78 creatures vanquished.

Notes
Turn   | Place    | Note
-------+----------+-------------------------------------------
     0 | D:1      | workbot the Minotaur Berserker began the quest for the Orb.
     0 | D:1      | Reached XP level 1. HP: 19/19 MP: 0/0
   364 | D:1      | Reached XP level 2. HP: 26/26 MP: 1/1
   549 | D:1      | Reached skill level 1 in Maces & Flails
   578 | D:1      | Reached XP level 3. HP: 29/33 MP: 2/2
   685 | D:1      | Found a faded altar of an unknown god.
   717 | D:1      | Found Kadus's Assorted Antiques.
   967 | D:2      | Noticed Jessica
   971 | D:2      | Killed Jessica
  1051 | D:2      | Reached XP level 4. HP: 40/40 MP: 3/3
  1181 | D:2      | Reached ** piety under Trog
  1906 | D:3      | Noticed a bullfrog
  1911 | D:3      | Killed a bullfrog
  1912 | D:3      | Reached XP level 5. HP: 47/47 MP: 4/4
  2605 | D:4      | Noticed an ice beast
  2610 | D:4      | Killed an ice beast
  2611 | D:4      | Reached skill level 5 in Fighting
  2611 | D:4      | Reached skill level 5 in Maces & Flails
  2611 | D:4      | Reached XP level 6. HP: 56/56 MP: 5/5
  3659 | D:5      | Entered Level 5 of the Dungeon
  3659 | D:5      | Found Powerph's Assorted Antiques.
  3661 | D:5      | Noticed a water moccasin
  3670 | D:5      | Noticed an ice beast
  3671 | D:5      | Killed a water moccasin
  3671 | D:5      | Shot with an arrow by a centaur

Illustrated notes

Levels and vault maps discovered:
D:1:      reono_arrival_forest_river, layout_basic,
          hellmonk_ecumenical_altar_heavens_door, serial_shops,
          nicolae_shop_trees, hangedman_glass_teeth
D:2:      layout_basic, hangedman_decor_growths, wad_floor_pattern_untrapped,
          uniq_jessica
D:3:      layout_basic, nicolae_concentric_dashed_squares_mild
D:4:      layout_loops_corners
D:5:      layout_cave_pools, mainiacjoe_overflow_tiny_flanked, serial_shops,
          nicolae_shop_waterfront, nrook_loot_triangle, minmay_shop_grid_forest

Skill      XL: |  1  2  3  4  5 |
---------------+----------------+-----
Axes           | 4 |  4.5
Maces & Flails | 1 2 4 5 |  5.9
Fighting       | 4 5 |  5.6
Armour         | |  2.4
Dodging        | |  2.1

Action                   |  1- 3 |  4- 6 || total
-------------------------+-------+-------++-------
Melee: Hand axe          |    25 |       ||    25
       Headbutt          |     5 |     8 ||    13
       Mace              |    32 |    86 ||   118
       Punch             |       |     2 ||     2
Invok: Berserk           |     1 |     3 ||     4
  Use: Scroll            |     4 |     4 ||     8
       Potion            |     1 |     4 ||     5
Armor: Ring mail         |    18 |    21 ||    39
       Chain mail        |       |     7 ||     7
Dodge: Dodged            |    28 |    46 ||    74
